 Dungeon Crawl Stone Soup version 0.19.5 (webtiles) character file.

10831 Mesmaeker13 the Fighter (level 11, -10/89 HPs)
             Began as a Demonspawn Gladiator on Mar 26, 2017.
             Was an Elder of Makhleb.
             Mangled by a large abomination (21 damage)
             ... on level 10 of the Dungeon on Mar 28, 2017.
             The game lasted 00:31:44 (12664 turns).

Mesmaeker13 the Fighter (Demonspawn Gladiator)     Turns: 12664, Time: 00:31:45

Health: -10/89     AC: 25    Str: 19    XL:     11   Next: 41%
Magic:  16/16      EV:  8    Int:  9    God:    Makhleb [****..]
Gold:   744        SH:  5    Dex: 14    Spells: 0 memorised, 10 levels left

rFire  . . .     SeeInvis .     M - +4 trident (protect)
rCold  + . .     Gourm    +     L - +3 plate armour {rC+}
rNeg   . . .     Faith    .     J - +0 buckler
rPois  +         Spirit   .     (helmet restricted)
rElec  .         Reflect  .     (no cloak)
rCorr  .         Harm     .     N - +0 pair of gloves
MR     .....                    (no boots)
Stlth  ..........               h - amulet of the gourmand
                                G - ring of poison resistance
                                (no ring)

@: protection aura
A: antennae 2, claws 1, talons 1, spiny 1
a: Minor Destruction, Lesser Servant of Makhleb, Major Destruction, Renounce
Religion


You were on level 10 of the Dungeon.
You worshipped Makhleb.
Makhleb was greatly pleased with you.
You were hungry.

You visited 2 branches of the dungeon, and saw 11 of its levels.

You collected 744 gold pieces.

Inventory:

Hand Weapons
 a - a +3 trident
 q - a +0 blowgun
 M - a +4 trident of protection (weapon)
Missiles
 f - 27 poisoned needles
Armour
 J - a +0 buckler (worn)
 L - a +3 plate armour of cold resistance (worn)
 N - a +0 pair of gloves (worn)
Jewellery
 h - an amulet of the gourmand (around neck)
 G - a ring of poison resistance (right hand)
Wands
 d - a wand of slowing (27/48)
 t - a wand of teleportation (1/9)
 y - a wand of iceblast (3/15)
Scrolls
 j - a scroll of magic mapping {unknown}
 l - 2 scrolls of teleportation
 n - 2 scrolls of noise {unknown}
 o - a scroll of recharging
 v - 3 scrolls of fog
 w - 2 scrolls of amnesia {unknown}
 A - 2 scrolls of remove curse {unknown}
 B - a scroll of random uselessness {unknown}
 C - a scroll of enchant armour {unknown}
 E - 2 scrolls of blinking {unknown}
 F - a scroll of fear {unknown}
 H - 2 scrolls of immolation {unknown}
Potions
 b - a potion of mutation {unknown}
 c - 2 potions of ambrosia
 e - 2 potions of curing
 k - a potion of flight {unknown}
 p - a potion of might
 r - a potion of lignification {unknown}
 u - 2 potions of heal wounds {unknown}
 x - 2 potions of cure mutation
 z - 3 potions of cancellation {unknown}
 K - 2 potions of resistance {unknown}
 P - a potion of invisibility {unknown}
Books
 I - a book of Battle

   Spells                             Type                      Level
   a - Infusion                       Charms                       1
   b - Shroud of Golubria             Charms/Translocation         2
   c - Song of Slaying                Charms                       2
   d - Spectral Weapon                Hexes/Charms                 3
   e - Regeneration                   Charms/Necromancy            3
 O - the Handbook of Igneous Transmutation
   (You found it on level 10 of the Dungeon)

   Spells                             Type                      Level
   a - Throw Flame                    Conjuration/Fire             2
   b - Fireball                       Conjuration/Fire             5
   c - Hydra Form                     Transmutation                6
   d - Ring of Flames                 Charms/Fire                  7
Comestibles
 g - 3 meat rations
 i - 2 beef jerkies
 m - 11 slices of pizza
 s - 9 fruits
 D - 5 bread rations


   Skills:
 + Level 9.4 Fighting
 + Level 9.0 Polearms
 - Level 1.7 Throwing
 + Level 8.3 Armour
 - Level 4.0 Dodging
 + Level 3.3 Shields
 + Level 6.8 Invocations
 - Level 5.0 Evocations


You had 10 spell levels left.
You didn't know any spells.

Dungeon Overview and Level Annotations

Branches:
Dungeon (10/15)            Temple (1/1) D:6            Lair (0/6) D:9
    Orc (0/2) D:9

Altars:
Ashenzari
Cheibriados
Dithmenos
Elyvilon
Fedhas
Gozag
Hepliaklqana
Kikubaaqudgha
Makhleb
Nemelex Xobeh
Okawaru
Qazlal
Ru
Sif Muna
Trog
Uskayaw
Vehumet
Xom
Yredelemnul
Zin
The Shining One

Shops:
D:5 [   D:8 %   D:10 %


Innate Abilities, Weirdness & Mutations

You have a pair of antennae on your head.
You have sharp fingernails.
You have sharp toenails.
You are partially covered in sharp spines.


Message History

The large abomination is struck by your spines.
The large abomination hits you!
* * * LOW HITPOINT WARNING * * *
You are too injured to fight recklessly!
You are too injured to fight recklessly!
You are too injured to fight recklessly!
You are too injured to fight recklessly!
You hit the large abomination but do no damage.
You claw the large abomination, but do no damage.
The large abomination is almost destroyed.
The large abomination hits you!
* * * LOW HITPOINT WARNING * * *
You barely miss the large abomination.
You claw the large abomination, but do no damage.
The large abomination is almost destroyed.
You hit the large abomination but do no damage.
Your kick misses the large abomination.
The large abomination is almost destroyed.
The large abomination hits you!!
You die...

.........###.........######..#
.........'.#.......X....X...##
.........#.'.........########
.........###.........#
.........# #.........#
#'######## ####'######
#....#### #.# ####....# #X##
#######.## #.@## .........#
##..## .........# ##..#
.........# ##.# .........# #.#
.........# #.# .........# #.##
.........# #..## .........#
##..##


You could see a large abomination.

Vanquished Creatures
  A death yak (D:9)
  A wizard (D:10)
  Pikel (D:3)
  An elephant (D:9)
  A troll (D:9)
  A polar bear (D:9)
  2 two-headed ogres (D:10)
  2 wyverns
  6 yaks (D:9)
  6 humans
  Eustachio (D:4)
  2 hungry ghosts
  Menkaure (D:6)
  Edmund (D:6)
  2 water moccasins
  A sky beast (D:9)
  6 orc warriors
  7 ice beasts
  A phantom (D:4)
  A slave (D:3)
  4 ogres
  A wolf (D:8)
  3 centaurs
  4 big kobolds
  The ghost of pps the Charlatan, an amateur SpAr (D:3)
  4 bullfrogs
  4 gnoll sergeants (D:9)
  A water moccasin zombie (D:4)
  3 scorpions
  5 small abominations (D:10)
  3 killer bees (D:9)
  3 howler monkeys (D:7)
  3 electric eels (D:9)
  4 crimson imps
  2 hounds
  5 jellies
  A bullfrog skeleton (D:10)
  3 orc priests
  A centaur skeleton (D:7)
  7 orc wizards
  5 iguanas
  Natasha (twice) (D:4)
  2 hell rats (D:7)
  2 worker ants
  2 bullfrog simulacra (D:9)
  A hound skeleton (D:4)
  3 gnolls (D:9)
  A howler monkey skeleton (D:10)
  13 adders
  4 river rats (D:7)
  4 shadow imps (D:9)
  A white imp (D:9)
  A worker ant simulacrum (D:9)
  4 oozes (D:1)
  An adder zombie (D:5)
  An adder skeleton (D:10)
  7 worms
  A dart slug (D:4)
  9 leopard geckos
  31 orcs
  A giant cockroach (D:2)
  12 goblins
  8 hobgoblins
  6 jackals (D:4)
  4 quokkas
  A ball python (D:1)
  9 bats
  3 frilled lizards
  17 kobolds
  A leopard gecko simulacrum (D:9)
  A leopard gecko zombie (D:5)
  A quokka skeleton (D:6)
  28 rats
294 creatures vanquished.

Vanquished Creatures (collateral kills)
  A sky beast (D:9)
1 creature vanquished.

Vanquished Creatures (others)
  2 slaves (D:4)
  An ice beast (D:8)
  Natasha (D:4)
  Robin (D:4)
  An adder (D:4)
  An adder skeleton (D:4)
  4 goblins (D:4)
  2 hobgoblins (D:4)
  A quokka (D:4)
14 creatures vanquished.

Grand Total: 309 creatures vanquished

Notes
Turn   | Place    | Note
-------+----------+-------------------------------------------
     0 | D:1      | Mesmaeker13 the Demonspawn Gladiator began the quest for the Orb.
     0 | D:1      | Reached XP level 1. HP: 16/16 MP: 1/1
    54 | D:1      | Gained mutation: You have a pair of small antennae on your head. [demonic ancestry]
    54 | D:1      | Reached XP level 2. HP: 14/23 MP: 2/2
   397 | D:1      | Gained mutation: You are partially covered in sharp spines. [demonic ancestry]
   397 | D:1      | Reached XP level 3. HP: 22/28 MP: 3/3
  2055 | D:2      | Reached XP level 4. HP: 32/34 MP: 4/4
  3134 | D:3      | Noticed pps's ghost (amateur SpAr)
  3153 | D:3      | Killed pps's ghost
  3153 | D:3      | Reached skill level 1 in Armour
  3153 | D:3      | Gained mutation: You have a pair of antennae on your head. [demonic ancestry]
  3153 | D:3      | Reached XP level 5. HP: 34/41 MP: 5/5
  3312 | D:3      | Found a faded altar of an unknown god.
  3857 | D:4      | Gained mutation: You have sharp toenails. [demonic ancestry]
  3857 | D:4      | Reached XP level 6. HP: 44/47 MP: 6/6
  3919 | D:4      | Noticed a slave
  3944 | D:3      | Killed a slave
  4149 | D:4      | Noticed Pikel
  4152 | D:4      | Noticed a slave
  4155 | D:4      | Noticed a slave
  4218 | D:3      | Killed Pikel
  4218 | D:3      | Reached skill level 5 in Polearms
  4218 | D:3      | Reached XP level 7. HP: 26/55 MP: 7/7
  4339 | D:4      | Noticed Robin
  4355 | D:4      | Killed Robin
  4451 | D:4      | Noticed Eustachio
  4471 | D:4      | Killed Eustachio
  4471 | D:4      | Reached skill level 5 in Fighting
  4557 | D:4      | Killed Natasha
  4586 | D:4      | Reached XP level 8. HP: 47/62 MP: 8/8
  4803 | D:4      | Noticed Natasha
  4811 | D:4      | Killed Natasha
  4982 | D:4      | Noticed Natasha
  4994 | D:4      | Killed Natasha
  5116 | D:5      | Entered Level 5 of the Dungeon
  5312 | D:5      | Found Inol's Antique Armour Shop.
  5895 | D:6      | Reached skill level 1 in Evocations
  5977 | D:6      | Reached skill level 5 in Armour
  6285 | D:5      | Gained mutation: You have sharp fingernails. [demonic ancestry]
  6285 | D:5      | Reached XP level 9. HP: 62/71 MP: 10/10
  6661 | D:6      | Found a staircase to the Ecumenical Temple.
  6670 | Temple   | Entered the Ecumenical Temple
  6887 | Temple   | Became a worshipper of Makhleb the Destroyer
  7647 | D:6      | Noticed Edmund
  7959 | D:6      | Noticed Menkaure
  7971 | D:6      | Killed Menkaure
  8110 | D:6      | Killed Edmund
  8575 | D:7      | Reached * piety under Makhleb
  9103 | D:7      | Reached skill level 5 in Evocations
  9149 | D:7      | Reached XP level 10. HP: 80/80 MP: 13/13
  9151 | D:7      | Reached ** piety under Makhleb
  9320 | D:8      | Reached skill level 1 in Invocations
  9620 | D:8      | Found a radiant altar of Vehumet.
  9624 | D:8      | Found an ancient bone altar of Kikubaaqudgha.
  9638 | D:8      | Found a stormy altar of Qazlal.
  9694 | D:8      | Found Qegaasiv's Food Boutique.
  9993 | D:9      | Noticed an elephant
 10031 | D:9      | Killed an elephant
 10347 | D:9      | Found a staircase to the Lair.
 10635 | D:9      | Reached skill level 1 in Shields
 10678 | D:9      | Reached *** piety under Makhleb
 10689 | D:9      | Found a staircase to the Orcish Mines.
 10915 | D:9      | Reached skill level 5 in Invocations
 11351 | D:9      | Reached XP level 11. HP: 72/87 MP: 15/15
 11443 | D:9      | Noticed a death yak
 11554 | D:9      | Killed a death yak
 11729 | D:10     | Entered Level 10 of the Dungeon
 11934 | D:10     | Identified the Handbook of Igneous Transmutation
 11994 | D:10     | Noticed a wizard
 12000 | D:10     | Killed a wizard
 12138 | D:10     | Reached **** piety under Makhleb
 12388 | D:10     | Found Wouges's Food Emporium.
 12664 | D:10     | Mangled by a large abomination

Skill      XL: |  1  2  3  4  5  6  7  8  9 10 11 |
---------------+----------------------------------+-----
Dodging        | 3 4 |  4.0
Polearms       | 3 4 5 6 7 8 9 |  9.0
Fighting       | 3 4 5 6 7 8 9 |  9.4
Armour         | 1 3 4 5 6 7 8 |  8.3
Evocations     | 2 5 |  5.0
Invocations    | 5 6 |  6.8
Shields        | 2 3 |  3.3
Throwing       | |  1.7

Action                   |  1- 3 |  4- 6 |  7- 9 | 10-12 || total
-------------------------+-------+-------+-------+-------++-------
Melee: Trident           |    93 |   155 |   415 |   391 ||  1054
       Kick              |       |     7 |   111 |   128 ||   246
 Fire: Blowgun           |       |     6 |     6 |     2 ||    14
Throw: Throwing net      |     3 |     6 |       |       ||     9
Invok: Lesser Servant of |       |       |       |     1 ||     1
Evoke: Wand              |       |       |     1 |    16 ||    17
  Use: Scroll            |     3 |     3 |     7 |     3 ||    16
       Potion            |       |       |     1 |     2 ||     3
 Stab: Distracted        |     1 |       |     1 |       ||     2
       Sleeping          |     1 |       |       |       ||     1
       Held in net/web   |       |     1 |       |       ||     1
  Eat: Bread ration      |     1 |       |     2 |       ||     3
       Chunk             |       |     6 |     6 |    17 ||    29
       Beef jerky        |       |       |     1 |       ||     1
       Pizza             |       |       |       |     1 ||     1
Armor: Leather armour    |    12 |       |       |       ||    12
       Plate armour      |     6 |    63 |   164 |   148 ||   381
Dodge: Dodged            |    32 |    28 |    97 |    81 ||   238
Block: Buckler           |       |       |       |    36 ||    36
